 Dungeon Crawl Stone Soup version 0.32-a0-560-g4c7f4391e0 (webtiles) character file.

Game seed: 16867494495742293313

214 domi the Apothecary (level 5, -5/35 HPs)
             Began as a Demonspawn Alchemist on Feb 29, 2024.
             Splashed by a jelly's acid (8 damage)
             ... on level 4 of the Dungeon.
             The game lasted 00:05:20 (3066 turns).

domi the Apothecary (Demonspawn Alchemist)          Turns: 3066, Time: 00:05:21

Health: -5/35      AC: -6    Str:  9    XL:     5   Next: 59%
Magic:  4/8        EV: 12    Int: 23    God:
Gold:   136        SH:  0    Dex: 13    Spells: 1/8 levels left

rFire   . . .        j - +3 mace
rCold   . . .        (no shield)
rNeg    . . .        a - +0 robe
rPois   +            (no helmet)
rElec   .            (no cloak)
rCorr   .            (no gloves)
SInv    .            (no boots)
Will    .....        (no amulet)
Stlth   ++           h - +6 ring of intelligence
HPRegen 0.25/turn    s - ring of poison resistance {rPois}
MPRegen 0.11/turn

%: no passive effects
@: corroded
A: foul stench 1, demonic magic 1
a: no special abilities


You were on level 4 of the Dungeon.
You visited 1 branch of the dungeon, and saw 4 of its levels.

You collected 136 gold pieces.

Inventory:

Hand Weapons
 j - a +3 mace (weapon)
   (You found it on level 2 of the Dungeon)
 m - a +2 falchion of freezing
   (You took it off an orc on level 3 of the Dungeon)
 o - a +1 vampiric short sword {!w}
   (You took it off a kobold on level 3 of the Dungeon)
Armour
 a - a +0 robe (worn)
Jewellery
 e - a ring of ice {rC+, rF-}
   (You found it on level 1 of the Dungeon)
 h - a +6 ring of intelligence (left hand)
   (You found it on level 2 of the Dungeon)
 s - a ring of poison resistance (right hand) {rPois}
   (You found it on level 4 of the Dungeon)
Scrolls
 c - 6 scrolls of identify {unknown}
 d - 5 scrolls of teleportation {unknown}
 g - 2 scrolls of fear {unknown}
 k - a scroll of fog {unknown}
 l - a scroll of butterflies {unknown}
 p - a scroll of noise {unknown}
 q - a scroll of blinking {unknown}
Potions
 b - a potion of magic
 f - a potion of curing {unknown}
 i - a potion of might {unknown}
 n - a potion of enlightenment {unknown}
 r - a potion of heal wounds {unknown}


   Skills:
 - Level 1.7 Dodging
 - Level 1.7 Stealth
 - Level 2.0 Spellcasting
 - Level 1.0 Conjurations
 + Level 6.4 Alchemy


You had one spell level left.
You knew the following spells:

 Your Spells              Type           Power      Damage    Failure   Level
y - Mercury Vapours       Alch/Air       34%        N/A       5%          2
z - Sting                 Conj/Alch      76%        1d7       2%          1
X - Olgreb's Toxic Radia  Alch           31%        N/A       9%          4

Your spell library contained the following spells:

 Spells                   Type           Power      Damage    Failure   Level
 Mephitic Cloud           Conj/Alch/Air  13%        N/A       14%         3
 Sticky Flame             Fire/Alch      17%        2d5       34%         4
 Animate Dead             Necr           2%         N/A       77%         4
 Borgnjor's Vile Clutch   Necr/Erth      1%         N/A       98%         5
 Death Channel            Necr           1%         N/A       100%        6


Dungeon Overview and Level Annotations

Branches:
Dungeon (4/15)
 Temple: D:4-7

Altars:


Innate Abilities, Weirdness & Mutations

You may rarely emit foul miasma when damaged in melee.
Spells you cast may paralyse adjacent enemies.


Message History

s - a ring of poison resistance (right hand) {rPois}
Press: ? - help, Shift-Dir - straight line, f - jackal
Aim: a jackal (67% to hit)
The sting misses the jackal.
Malevolent energies surge around you.
Press: ? - help, Shift-Dir - straight line, f/p - jackal
Aim: a jackal (67% to hit)
The sting hits the jackal.
The jackal is poisoned.
Malevolent energies surge around you. The jackal misses you.
Press: ? - help, Shift-Dir - straight line, f/p - jackal
Aim: a jackal (heavily wounded, poisoned, 67% to hit)
The sting hits the jackal.
The jackal looks even sicker.
You kill the jackal!
Malevolent energies surge around you.
You can't see any susceptible monsters within range! (Use Z to cast anyway.)
A jackal comes into view.
A jackal is nearby!
A jackal is nearby!
A jackal is nearby!
Press: ? - help, Shift-Dir - straight line, f - jackal
Aim: a jackal (67% to hit)
The sting misses the jackal.
Malevolent energies surge around you.
The jackal bites you but does no damage.
Press: ? - help, Shift-Dir - straight line, f/p - jackal
Aim: a jackal (67% to hit)
You miscast Sting.
You are very lightly contaminated with residual magic.
Nothing appears to happen.
The jackal bites you.
You emit a cloud of foul miasma!
Press: ? - help, Shift-Dir - straight line, f/p - jackal
Aim: a jackal (foul pestilence, 67% to hit)
The sting misses the jackal.
Malevolent energies surge around you.
The jackal is engulfed in dark miasma.
The jackal is poisoned.
The jackal misses you.
Press: ? - help, Shift-Dir - straight line, f/p - jackal
Aim: a jackal (foul pestilence, poisoned, 67% to hit)
The sting hits the jackal.
The jackal looks even sicker.
Malevolent energies surge around you.
The jackal is engulfed in dark miasma.
The jackal looks even sicker.
The jackal barely misses you.
The jackal is engulfed in dark miasma.
The jackal looks as sick as possible!
The jackal seems to slow down.
You kill the jackal!
You can't see any susceptible monsters within range! (Use Z to cast anyway.)
Your magical contamination has completely faded away.
You see here a jackal corpse.
An endoplasm comes into view.
An endoplasm is nearby!
An endoplasm is nearby!
An endoplasm is nearby!
An endoplasm is nearby!
Press: ? - help, Shift-Dir - straight line, f - endoplasm
Aim: an endoplasm (98% to hit)
The sting hits the endoplasm.
The endoplasm partially resists.
The endoplasm is poisoned.
Malevolent energies surge around you.
Press: ? - help, Shift-Dir - straight line, f/p - endoplasm
Aim: an endoplasm (moderately wounded, poisoned, 98% to hit)
The sting hits the endoplasm.
The endoplasm partially resists.
Malevolent energies surge around you. The endoplasm misses you.
Press: ? - help, Shift-Dir - straight line, f/p - endoplasm
Aim: an endoplasm (severely wounded, poisoned, 98% to hit)
The sting hits the endoplasm.
The endoplasm partially resists.
The endoplasm looks even sicker.
You kill the endoplasm!
Malevolent energies surge around you.
A jelly comes into view.
A jelly is nearby!
A jelly is nearby!
A jelly is nearby!
Press: ? - help, Shift-Dir - straight line, f - jelly
Aim: a jelly (wandering, hasn't noticed you, 100% to hit)
The sting hits the jelly.
The jelly partially resists.
The jelly quivers.
Malevolent energies surge around you. The jelly barely misses you.
Press: ? - help, Shift-Dir - straight line, f/p - jelly
Aim: a jelly (lightly wounded, 100% to hit)
The sting hits the jelly.
The jelly is poisoned.
Malevolent energies surge around you. The jelly closely misses you.
Press: ? - help, Shift-Dir - straight line, f/p - jelly
Aim: a jelly (lightly wounded, poisoned, 100% to hit)
The sting hits the jelly.
The jelly partially resists.
Malevolent energies surge around you. The jelly hits you.
The acid corrodes you!
You are splashed with acid!
Press: ? - help, Shift-Dir - straight line, f/p - jelly
Aim: a jelly (moderately wounded, poisoned, 100% to hit)
The sting hits the jelly.
The jelly partially resists.
Malevolent energies surge around you. The jelly hits you.
The acid corrodes you!
You are splashed with acid!
Press: ? - help, Shift-Dir - straight line, f/p - jelly
Aim: a jelly (heavily wounded, poisoned, 100% to hit)
The sting hits the jelly.
The jelly partially resists.
The jelly looks even sicker.
Malevolent energies surge around you. The jelly closely misses you.
Found an escape hatch in the floor.
The jelly attacks as it pursues you! The jelly barely misses you.
The jelly attacks as it pursues you! The jelly hits you.
You are splashed with acid!
* * * LOW HITPOINT WARNING * * *
The jelly attacks as it pursues you! The jelly hits you.
* * * LOW HITPOINT WARNING * * *
You are splashed with acid!
You die...

#.# #####.#####
.........###### #
##..##........
####.#...........#
.........##..#....
###.##.####.# . #J#
#.# #@# #.## #.#
#..# .##.####..##
...........# #
#..........## ###.
#.#.##......#
...####.#.##.###..#
#...........##..##
#......###.#...#


You could see a jelly (very poisoned).

Vanquished Creatures
  A bombardier beetle (D:3)
  2 orc wizards
  6 adders
  A gnoll (D:2)
  A dart slug (D:2)
  9 orcs
  6 endoplasms
  5 goblins
  10 hobgoblins
  2 jackals (D:4)
  3 kobolds
  3 quokkas
  4 ball pythons
  3 bats
  3 frilled lizards
  3 rats
62 creatures vanquished.

Notes
Turn   | Place    | Note
-------+----------+-------------------------------------------
     0 | D:1      | domi the Demonspawn Alchemist began the quest for the Orb.
     0 | D:1      | Reached XP level 1. HP: 13/13 MP: 3/3
    18 | D:1      | HP: 3/13 [hobgoblin (3)]
   401 | D:1      | Found a faded altar of an unknown god.
   611 | D:2      | Gained mutation: Spells you cast may paralyse adjacent
                  | enemies. [demonic ancestry]
   611 | D:2      | Reached XP level 2. HP: 19/19 MP: 1/5
   733 | D:2      | Reached skill level 4 in Alchemy
   786 | D:2      | Gained mutation: You may rarely emit foul miasma when
                  | damaged in melee. [demonic ancestry]
   786 | D:2      | Reached XP level 3. HP: 17/24 MP: 0/6
  1477 | D:3      | Reached skill level 5 in Alchemy
  1477 | D:3      | Reached XP level 4. HP: 30/30 MP: 2/7
  1526 | D:3      | Learned a level 2 spell: Mercury Vapours
  1531 | D:3      | Learned a level 4 spell: Olgreb's Toxic Radiance
  2247 | D:3      | Reached skill level 6 in Alchemy
  2247 | D:3      | Reached XP level 5. HP: 25/35 MP: 4/8
  3065 | D:4      | HP: 5/35 [acid (11)]
  3066 | D:4      | Splashed by a jelly's acid

Illustrated notes

Levels and vault maps discovered:
D:1:      roadster_arrival_rocket_small, layout_basic,
          chequers_ecumenical_altar_island
D:2:      kennysheep_six_static_rooms, layout_rooms
D:3:      layout_loops_cross, chequers_serial_rivers_large_b
D:4:      layout_loops_ring, nicolae_sif_muna_little_library,
          corexii_leaking_fountain, minmay_misc_feat_x, grunt_decor_arrowhead,
          kennysheep_flooded_box, dk_vineyard_2

Skill      XL: |  1  2  3  4 |
---------------+-------------+-----
Alchemy        | 4 5 6 |  6.4
Dodging        | |  1.7
Stealth        | |  1.7
Spellcasting   | |  2.0
Conjurations   | |  1.0

Action                     |  1- 3 |  4- 6 || total
---------------------------+-------+-------++-------
  Melee: Unarmed           |     4 |       ||     4
         Mace              |     4 |    15 ||    19
   Cast: Sting             |    56 |    67 ||   123
         Mercury Vapours   |       |     3 ||     3
   Stab: Paralysed         |     1 |     2 ||     3
 Armour: Robe              |    10 |    14 ||    24
  Dodge: Dodged            |    19 |    17 ||    36

Table legend: (Time is in decaauts)
 A = Elapsed time spent in this place.
 B = Non-inter-level travel time spent in this place.
 C = Inter-level travel time spent in this place.
 D = Time resting spent in this place.
 E = Time spent auto-exploring this place.
 F = Levels seen in this place.
 G = Mean time per level.
                   A        B        C        D        E       F      G
               +--------+--------+--------+--------+--------+-----+--------+
         Total |   3097 |   3055 |     42 |    310 |   2375 |   4 |  774.2 |
       Dungeon |   3097 |   3055 |     42 |    310 |   2375 |   4 |  774.2 |
               +--------+--------+--------+--------+--------+-----+--------+

Top non-repeatable levels by time:
     D:3: 1237 daAuts
     D:2: 885 daAuts
     D:1: 587 daAuts
     D:4: 387 daAuts

Levels and vault maps discovered:
D:1:      roadster_arrival_rocket_small, layout_basic,
          chequers_ecumenical_altar_island
D:2:      kennysheep_six_static_rooms, layout_rooms
D:3:      layout_loops_cross, chequers_serial_rivers_large_b
D:4:      layout_loops_ring, nicolae_sif_muna_little_library,
          corexii_leaking_fountain, minmay_misc_feat_x, grunt_decor_arrowhead,
          kennysheep_flooded_box, dk_vineyard_2

Table legend: (Time is in decaauts)
 A = Elapsed time spent in this place.
 B = Non-inter-level travel time spent in this place.
 C = Inter-level travel time spent in this place.
 D = Time resting spent in this place.
 E = Time spent auto-exploring this place.
 F = Levels seen in this place.
 G = Mean time per level.
                   A        B        C        D        E       F      G
               +--------+--------+--------+--------+--------+-----+--------+
         Total |   3097 |   3055 |     42 |    310 |   2375 |   4 |  774.2 |
       Dungeon |   3097 |   3055 |     42 |    310 |   2375 |   4 |  774.2 |
               +--------+--------+--------+--------+--------+-----+--------+

Top non-repeatable levels by time:
     D:3: 1237 daAuts
     D:2: 885 daAuts
     D:1: 587 daAuts
     D:4: 387 daAuts

Table legend:
 A = Kills in this place as a percentage of kills in the entire game.
 B = Kills by you in this place as a percentage of kills by you in the entire game.
 C = Kills by friends in this place as a percentage of kills by friends in the entire game.
 D = Other kills in this place as a percentage of other kills in the entire game.
 E = Experience gained in this place as a percentage of experience gained in the entire game.
 F = Experience gained in this place divided by the number of levels of this place that you have seen.
                   A       B       C       D       E      F
               +-------+-------+-------+-------+-------+----------------------
         Total | 100.0 | 100.0 |   N/A |   N/A | 100.0 |  76.5
       Dungeon | 100.0 | 100.0 |   N/A |   N/A | 100.0 |  76.5
               +-------+-------+-------+-------+-------+----------------------
